 Dungeon Crawl Stone Soup version 0.31-a0-977-gc230f8ef24 (webtiles) character file.

Game seed: 5500320726168450032

18688 strifetoe the Bludgeoner (level 12, -16/147 HPs)
             Began as an Armataur Berserker on Oct 28, 2023.
             Was a High Priest of Trog.
             Headbutted by a minotaur (19 damage)
             ... in a Gauntlet on Oct 29, 2023.
             The game lasted 00:26:47 (13745 turns).

strifetoe the Bludgeoner (Armataur Berserker)      Turns: 13745, Time: 00:26:48

Health: -16/147    AC: 19    Str: 27    XL:     12   Next: 29%
Magic:  9/12       EV:  8    Int: 12    God:    Trog [*****.]
Gold:   468        SH:  7    Dex:  9    Spells: 11/11 levels left

rFire   + + .        b - +4 morningstar (flame)
rCold   . . .        j - +2 buckler {rF+}
rNeg    . . .        k - +0 ring mail
rPois   +            i - +1 helmet {Int+3}
rElec   .            w - +2 cloak
rCorr   .            J - +1 pair of gloves {infuse}
SInv    .            (no barding)
Will    +....        (no amulet) Stlth
                     I - +4 ring of protection
HPRegen 0.44/turn    m - ring of Uploh {rPois rF+ Will+}
MPRegen 0.13/turn

%: no teleportation, roll, infuse magic (1 MP)
@: mighty, berserking, lethally poisoned (-16 -> -23), very quick
A: large, rugged brown scales 3, deformed body, armoured tail, roll, long
tongue, awkward tongue
a: Renounce Religion, Berserk, Trog's Hand, Brothers in Arms


You were in a Gauntlet.
You worshipped Trog.
Trog was extremely pleased with you.
You visited 1 branch of the dungeon, and saw 13 of its levels.
You also visited: Sewer and Gauntlet.

You collected 738 gold pieces.
You spent 270 gold pieces at shops.

Inventory:

Hand Weapons
 b - a +4 morningstar of flaming (weapon)
 C - a +0 morningstar of venom
Missiles
 e - 5 silver javelins
 K - a throwing net
Armour
 i - a +1 helmet of intelligence (worn)
 j - a +2 buckler of fire resistance (worn)
 k - a +0 ring mail (worn)
 s - the +2 robe of Immorality {rElec Str+2 Dex+2}
   (You found it on level 3 of the Dungeon)

   Str+2:     It affects your strength (+2).
   Dex+2:     It affects your dexterity (+2).
   rElec:     It insulates you from electricity.
 w - a +2 cloak (worn)
 J - a +1 pair of gloves of infusion (worn)
Jewellery
 m - the ring of Uploh (right hand) {rPois rF+ Will+}
   (You found it in a Gauntlet)

   [ring of protection from fire]

   rF+:       It protects you from fire.
   rPois:     It protects you from poison Will+: It increases your willpower.
 y - a +6 ring of strength
 z - a ring of protection from fire
 D - a ring of protection from fire
 F - a ring of poison resistance
 G - a +5 ring of evasion
 I - a +4 ring of protection (left hand)
Wands
 l - a wand of flame (50)
 E - a wand of charming (5)
Scrolls
 f - a scroll of vulnerability
 n - 3 scrolls of teleportation
 o - a scroll of immolation
 t - 2 scrolls of blinking
 v - a scroll of fog
 B - a scroll of enchant armour
 H - a scroll of fear {unknown}
Potions
 a - 3 potions of mutation
 c - 2 potions of lignification
 d - 6 potions of brilliance
 g - 5 potions of enlightenment
 p - a potion of attraction
 q - a potion of magic {unknown}
 r - a potion of ambrosia
 u - 7 potions of curing
 x - 3 potions of heal wounds
 A - a potion of resistance {unknown}


   Skills:
 + Level 4.3 Fighting
 - Level 16.0 Maces & Flails
 + Level 9.1 Armour
 - Level 1.3 Dodging
 + Level 0.0 Stealth
 - Level 7.6 Shields


You had 11 spell levels left.
You didn't know any spells.
Your spell library was empty.

Dungeon Overview and Level Annotations

Branches:
Dungeon (13/15)            Temple (0/1) D:4            Lair (0/5) D:10
    Orc (0/2) D:11          Sewer (visited)         Gauntlet (1/1)
 Vaults: D:13-14

Altars:
Ashenzari
Dithmenos
Gozag
Hepliaklqana
Kikubaaqudgha
Makhleb
Okawaru
Qazlal
Ru
Sif Muna
Vehumet
Wu Jian
Xom
Yredelemnul
The Shining One

Shops:
D:6 =::   D:12 [[[(   D:13 [

Annotations:
D:9 exclusion: ice statue
D:10 4 runed translucent doors Gauntlet 12 transporters, 21 runed translucent doors


Innate Abilities, Weirdness & Mutations

You are completely covered in rugged brown scales. (AC +3, +7% HP)
Armour fits poorly on your strangely shaped body.
You have a long armoured tail.
You roll when moving toward enemies. (Rampage)
Your long tongue fully drains potion bottles. (2x potion effects)
Your tongue gives you trouble enunciating. (1.5x scroll delay)


Message History

* * * LOW HITPOINT WARNING * * *
The minotaur gores you!
* * * LOW HITPOINT WARNING * * *
The minotaur blocks your attack.
You tail-slap the minotaur.
The minotaur is lightly wounded.
The minotaur blocks your attack.
The minotaur is lightly wounded.
The minotaur hits you but does no damage.
You are poisoned.
The minotaur gores you.
* * * LOW HITPOINT WARNING * * *
You hit the minotaur. You burn the minotaur.
The minotaur is moderately wounded.
You feel sick. The minotaur blocks your attack.
The minotaur is moderately wounded.
You feel sick.
The minotaur hits you with a +3 rapier of venom!!
* * * LOW HITPOINT WARNING * * *
The minotaur gores you but does no damage.
You bludgeon the minotaur!! You burn the minotaur.
The minotaur is heavily wounded.
* * * LOW HITPOINT WARNING * * *
You feel sick. The minotaur blocks your attack.
The minotaur is heavily wounded.
* * * LOW HITPOINT WARNING * * *
You feel sick.
The minotaur hits you but does no damage.
You are lethally poisoned!
The minotaur barely misses you.
You are too berserk!
You are too berserk!
You hit the minotaur but do no damage. The minotaur blocks your attack.
The minotaur is heavily wounded.
* * * LOW HITPOINT WARNING * * *
You feel sick.
You barely miss the minotaur.
The minotaur furiously retaliates!
The minotaur headbutts you!!
You die...

###
####8..©.©.©.©.©.©..8####
### #§...............≈#
###.##.##.##.##.###
##.##.##.##.##.#
#...............
.##.##.##.##.##
#.##.##.##.##.##
#...............
###.##.#@###.## #.#H# .#
..#.# . #.##.# #. #∩# ..
### .#


You could see a minotaur (reflecting).

Vanquished Creatures
  An entropy weaver (Gauntlet)
  A hydra (D:8)
  Erica (D:11)
  A centaur warrior (D:13)
  3 two-headed ogres
  2 ugly things
  A worldbinder (Gauntlet)
  5 manticores
  A cyclops (D:10)
  A kobold demonologist (D:10)
  An unseen horror (D:11)
  Maggie (D:7)
  2 trolls
  Grinder (D:3)
  2 dream sheep (D:8)
  A jumping spider (Gauntlet)
  A shadow (D:12)
  6 slime creatures (D:12)
  A vampire (D:12)
  6 wyverns
  A wraith (D:11)
  7 yaks (D:10)
  A redback (Gauntlet)
  A basilisk (D:10)
  2 steam dragons (D:9)
  4 vampire mosquitoes (D:13)
  Menkaure (D:7)
  2 acid dragons
  3 water moccasins
  2 orc warriors
  3 sky beasts
  2 ice beasts
  2 boggarts (Gauntlet)
  2 centaurs (D:7)
  8 kobold brigands
  3 bullfrogs
  2 gnoll sergeants
  A scorpion (D:10)
  6 wights
  12 killer bees
  3 jellies
  3 orc priests
  3 gnoll boudas
  5 hounds
  Crazy Yiuf (D:3)
  2 sleepcaps
  2 iguanas
  Ijyb (D:3)
  Terence (D:2)
  Natasha (thrice) (D:2)
  9 orc wizards
  A centaur simulacrum (D:9)
  6 adders
  18 gnolls
  2 river rats
  2 worms
  3 dart slugs
  27 orcs
  7 bats
  6 endoplasms
  7 giant cockroaches
  6 goblins
  7 hobgoblins
  2 jackals (D:1)
  7 quokkas
  11 ball pythons
  3 frilled lizards
  28 kobolds
  15 rats
295 creatures vanquished.

Vanquished Creatures (collateral kills)
  5 ufetubi (D:9)
5 creatures vanquished.

Vanquished Creatures (others)
  An unseen horror (D:10)
  An ufetubus (D:9)
  An orc (D:9)
3 creatures vanquished.

Grand Total: 303 creatures vanquished

Notes
Turn   | Place    | Note
-------+----------+-------------------------------------------
     0 | D:1      | strifetoe the Armataur Berserker began the quest for the
                  | Orb.
     0 | D:1      | Reached XP level 1. HP: 19/19 MP: 1/1
    73 | D:1      | Found a faded altar of an unknown god.
    82 | D:1      | Reached skill level 3 in Maces & Flails
   109 | D:1      | Reached XP level 2. HP: 6/26 MP: 2/2
   430 | D:1      | Reached ** piety under Trog
   433 | D:1      | Reached XP level 3. HP: 32/32 MP: 3/3
   658 | D:1      | Reached skill level 4 in Maces & Flails
   951 | D:2      | Noticed Natasha
   958 | D:2      | Killed Natasha
   959 | D:2      | Reached XP level 4. HP: 18/39 MP: 4/4
  1107 | D:2      | Noticed Terence
  1117 | D:2      | Killed Terence
  1157 | D:2      | Noticed Natasha
  1165 | D:2      | Killed Natasha
  1166 | D:2      | Reached skill level 5 in Maces & Flails
  1200 | D:2      | Noticed Natasha
  1208 | D:2      | Killed Natasha
  1209 | D:2      | Reached XP level 5. HP: 26/44 MP: 5/5
  1595 | D:2      | Identified a scroll of acquirement
  1595 | D:2      | Acquired a +1 buckler of fire resistance
  1653 | D:3      | Noticed Grinder
  1664 | D:3      | Killed Grinder
  1665 | D:3      | Reached XP level 6. HP: 54/54 MP: 6/6
  1706 | D:3      | Found a basalt altar of Yredelemnul.
  1823 | D:3      | Found an opulent altar of Gozag.
  1932 | D:3      | Identified the +2 robe of Immorality {rElec Str+2 Dex+2}
  1951 | D:3      | Found a glowing golden altar of the Shining One.
  2064 | D:3      | Noticed Ijyb
  2073 | D:3      | Killed Ijyb
  2150 | D:3      | Found a glowing drain.
  2182 | Sewer    | Entered a sewer
  2416 | Sewer    | Found a white marble altar of Elyvilon.
  2498 | D:3      | Found a runed translucent door.
  2499 | D:3      | Noticed Crazy Yiuf
  2730 | D:3      | Killed Crazy Yiuf
  2731 | D:3      | Reached XP level 7. HP: 47/62 MP: 7/7
  3133 | D:4      | Found a broken altar of Ashenzari.
  3257 | D:4      | Found a staircase to the Ecumenical Temple.
  3260 | D:4      | Reached *** piety under Trog
  3552 | D:4      | Found an ornate altar of the Wu Jian Council.
  3900 | D:5      | Entered Level 5 of the Dungeon
  3913 | D:5      | Reached skill level 5 in Armour
  4294 | D:5      | Reached skill level 5 in Shields
  4412 | D:5      | Found a shimmering altar of Xom.
  4413 | D:5      | Found a shimmering altar of Xom.
  4414 | D:5      | Found a shimmering altar of Xom.
  4414 | D:5      | Found a shimmering altar of Xom.
  4414 | D:5      | Found a shimmering altar of Xom.
  4414 | D:5      | Found a shimmering altar of Xom.
  4432 | D:5      | Reached XP level 8. HP: 46/70 MP: 8/8
  4540 | D:5      | Found a shimmering altar of Xom.
  4607 | D:5      | Found a sacrificial altar of Ru.
  4675 | D:5      | Found an ancient bone altar of Kikubaaqudgha.
  5278 | D:6      | Found Ywaronk's Book Emporium.
  5279 | D:6      | Found Wotouf's Jewellery Emporium.
  5280 | D:6      | Found Kureunt's Book Emporium.
  5967 | D:7      | Noticed Maggie
  5976 | D:7      | Killed Maggie
  6092 | D:7      | Reached XP level 9. HP: 75/75 MP: 9/9
  6139 | D:7      | Noticed Menkaure
  6141 | D:7      | Killed Menkaure
  6430 | D:7      | Reached skill level 6 in Maces & Flails
  6431 | D:7      | Reached **** piety under Trog
  6917 | D:8      | Reached skill level 7 in Maces & Flails
  7325 | D:8      | Found a stormy altar of Qazlal.
  7338 | D:8      | Found a hazy altar of Hepliaklqana.
  7338 | D:8      | Found a shadowy altar of Dithmenos.
  7339 | D:8      | Found a shimmering blue altar of Sif Muna.
  7342 | D:8      | Found an iron altar of Okawaru.
  7343 | D:8      | Found a burning altar of Makhleb.
  7451 | D:8      | Reached skill level 8 in Maces & Flails
  7681 | D:8      | Reached skill level 9 in Maces & Flails
  7686 | D:8      | Reached XP level 10. HP: 85/85 MP: 10/10
  7697 | D:8      | Noticed a three-headed hydra
  7708 | D:8      | Killed a three-headed hydra
  8208 | D:9      | Noticed a red ugly thing
  8216 | D:9      | Killed a red ugly thing
  8217 | D:9      | Reached skill level 10 in Maces & Flails
  8387 | D:9      | Noticed a two-headed ogre
  8404 | D:9      | Killed a two-headed ogre
  8405 | D:9      | Reached skill level 11 in Maces & Flails
  8412 | D:9      | Noticed a two-headed ogre
  8419 | D:9      | Killed a two-headed ogre
  8648 | D:9      | Found a radiant altar of Vehumet.
  8673 | D:9      | Reached skill level 12 in Maces & Flails
  8701 | D:9      | Noticed an ice statue
  9563 | D:10     | Entered Level 10 of the Dungeon
  9690 | D:10     | Reached XP level 11. HP: 90/90 MP: 11/11
  9767 | D:10     | Found a runed translucent door.
  9778 | D:10     | Noticed a shock serpent
  9779 | D:10     | Noticed a sixfirhy
  9779 | D:10     | Noticed a deep elf zephyrmancer
  9780 | D:10     | Noticed a sixfirhy
  9780 | D:10     | Noticed a sixfirhy
  9781 | D:10     | Found a runed translucent door.
  9781 | D:10     | Noticed a deep elf zephyrmancer
  9781 | D:10     | Found the +5 Storm Queen's Shield {shock, Fly rElec}
 10010 | D:10     | Noticed a two-headed ogre
 10019 | D:10     | Found a staircase to the Lair.
 10029 | D:10     | Reached skill level 13 in Maces & Flails
 10035 | D:10     | Reached ***** piety under Trog
 10124 | D:10     | Found a runed translucent door.
 10128 | D:10     | Noticed a storm dragon
 10144 | D:10     | Found a runed translucent door.
 10405 | D:10     | Killed a two-headed ogre
 10979 | D:11     | Found a staircase to the Orcish Mines.
 11064 | D:11     | Noticed Erica
 11071 | D:11     | Killed Erica
 11234 | D:11     | Reached skill level 14 in Maces & Flails
 11665 | D:8      | Upgraded the game from 0.31-a0-971-g75a2e9a4b4 to
                  | 0.31-a0-977-gc230f8ef24
 12131 | D:12     | Found Toiclud's Antique Weapon Shoppe.
 12176 | D:12     | Found Tuet's Antique Armour Shoppe.
 12248 | D:12     | Found Bameol's Armour Shop.
 12587 | D:12     | Found Niclefe's Armour Boutique.
 12649 | D:12     | Bought a pair of runed gloves for 270 gold pieces
 12663 | Gauntlet | Identified the of Gyssaff
 12678 | D:13     | Reached skill level 15 in Maces & Flails
 12713 | D:13     | Reached XP level 12. HP: 61/98 MP: 3/12
 12818 | D:13     | Noticed a centaur warrior
 12819 | D:13     | Found Wigit's Antique Armour Shop.
 12824 | D:13     | Killed a centaur warrior
 13031 | D:13     | Found a gate leading to a gauntlet.
 13033 | D:13     | Noticed a tengu warrior
 13040 | Gauntlet | Entered a Gauntlet
 13040 | Gauntlet | Found a transporter.
 13046 | Gauntlet | Noticed a death scarab
 13053 | Gauntlet | Found a transporter.
 13053 | Gauntlet | Found a transporter.
 13055 | Gauntlet | Found a transporter.
 13077 | Gauntlet | Found a transporter.
 13088 | Gauntlet | Found a transporter.
 13095 | Gauntlet | Found a transporter.
 13111 | Gauntlet | Found a transporter.
 13131 | Gauntlet | Found a transporter.
 13136 | Gauntlet | Noticed a great orb of eyes
 13139 | Gauntlet | Noticed an entropy weaver
 13146 | Gauntlet | Found a transporter.
 13181 | Gauntlet | Found a transporter.
 13189 | Gauntlet | Found a large runed translucent door.
 13190 | Gauntlet | Found a large runed translucent door.
 13191 | Gauntlet | Found a large runed translucent door.
 13191 | Gauntlet | Found a large runed translucent door.
 13192 | Gauntlet | Found a runed translucent gate.
 13193 | Gauntlet | Found a transporter.
 13193 | Gauntlet | Found a runed translucent gate.
 13194 | Gauntlet | Found a runed translucent gate.
 13195 | Gauntlet | Found a large runed translucent door.
 13195 | Gauntlet | Found a large runed translucent door.
 13196 | Gauntlet | Found a large runed translucent door.
 13197 | Gauntlet | Found a large runed translucent door.
 13199 | Gauntlet | Noticed a hell beast
 13201 | Gauntlet | Found a large runed translucent door.
 13201 | Gauntlet | Found a large runed translucent door.
 13201 | Gauntlet | Found a runed translucent door.
 13201 | Gauntlet | Found a runed translucent door.
 13202 | Gauntlet | Found a large runed translucent door.
 13203 | Gauntlet | Found a large runed translucent door.
 13205 | Gauntlet | Found a transporter.
 13205 | Gauntlet | Found a transporter.
 13207 | Gauntlet | Found a transporter.
 13261 | Gauntlet | Found a transporter.
 13282 | Gauntlet | Found a transporter.
 13296 | Gauntlet | Found a large runed translucent door.
 13297 | Gauntlet | Found a large runed translucent door.
 13298 | Gauntlet | Found a large runed translucent door.
 13298 | Gauntlet | Found a large runed translucent door.
 13302 | Gauntlet | Found a transporter.
 13360 | Gauntlet | Noticed a merfolk aquamancer
 13636 | Gauntlet | Killed an entropy weaver
 13637 | Gauntlet | Reached skill level 16 in Maces & Flails
 13670 | Gauntlet | Identified the ring of Uploh {rPois rF+ Will+}
 13730 | Gauntlet | Identified the amulet of Noasoloc {Reflect +Blink SH+5}
 13730 | Gauntlet | Noticed a minotaur
 13741 | Gauntlet | HP: 5/147 [minotaur/+3 rapier of venom (19)]
 13745 | Gauntlet | Headbutted by a minotaur

Illustrated notes

Levels and vault maps discovered:
D:1:      co_arrival_square_in_a_square_in_a_square, layout_loops_ring,
          shapermc_ecumenical_altar_mp_ritualfount, nrook_loot_triangle,
          minmay_pentomino_t4
D:2:      layout_basic, uniq_terence, uniq_natasha
D:3:      layout_basic, tso_metal_star, mainiacjoe_overflow_24_doors,
          mainiacjoe_overflow_boulevard, portal_sewer_entry_a, uniq_grinder,
          uniq_ijyb, uniq_crazy_yiuf_cottage
D:4:      layout_basic, ashenzari_altar_1, mainiacjoe_overflow_alcove_1,
          minmay_temple_entry_tees
D:5:      layout_rooms, nicolae_kikubaaqudgha_miasma_corner,
          nicolae_xom_altar_mimics, nicolae_ru_the_path_less_chosen
D:6:      layout_loops_ring, nicolae_shop_distant_corner_stores,
          nicolae_grassy_gnolls
D:7:      layout_loops_ring, uniq_maggie, uniq_menkaure
D:8:      layout_basic, minitemple, hangedman_ranch
D:9:      cheibrodos_frozen_isle, layout_loops_ring, fiery_altar_vehumet,
          serial_aquarium, aquarium_bridge_straight [aquarium_subvault_bridge,
          aquarium_subvault_wall, aquarium_subvault_bridge,
          aquarium_subvault_wall], aquarium_window_corridor_2,
          aquarium_window_2, aquarium_view_2e, aquarium_view_2d, minivault_20,
          nicolae_zig_zag_zippers
D:10:     layout_irregular_city, minmay_lair_entry_grove, serial_column_ruins,
          column_ruins_hut_pillars, column_ruins_corridor_straight,
          column_ruins_open_tiny, column_ruins_columns_plus,
          column_ruins_corridor_straight, column_ruins_grid_4,
          nicolae_guarded_unrand_storm_shield
D:11:     layout_loops_corners, orc_0_dummy, lightli_church_of_beogh,
          uniq_erica, uniq_grum
D:12:     layout_roguey, serial_shops, nicolae_shop_stone, shop,
          nicolae_shop_pleasant_corner_grove, kennysheep_mini
D:13:     layout_basic, gauntlet_entry_generic, serial_shops, shop
Gauntlet: gammafunk_gauntlet_one_two_three [gammafunk_gauntlet_arena_teeth,
          gammafunk_gauntlet_arena_split_x, nicolae_gauntlet_arena_flowing_pool,
          gammafunk_gauntlet_arena_corners, nicolae_gauntlet_arena_blocks,
          gammafunk_gauntlet_arena_spirals, gammafunk_gauntlet_arena_mazey,
          minmay_gauntlet_arena_make_your_own_arena, nicolae_gauntlet_swirl,
          gauntlet_exit_green]

Skill      XL: |  1  2  3  4  5  6  7  8  9 10 11 12 |
---------------+-------------------------------------+-----
Maces & Flails | 3 4 5 9 12 15 16 | 16.0
Fighting       | 3 4 |  4.3
Armour         | 3 4 6 8 9 |  9.1
Shields        | 2 3 5 7 |  7.6
Dodging        | |  1.3

Action                     |  1- 3 |  4- 6 |  7- 9 | 10-12 || total
---------------------------+-------+-------+-------+-------++-------
  Melee: Mace              |    90 |    11 |       |       ||   101
         Tailslap          |    13 |    12 |    41 |    45 ||   111
         Punch             |     1 |       |       |       ||     1
         Flail             |       |   130 |   261 |       ||   391
         Morningstar       |       |       |   140 |   397 ||   537
 Invoke: Berserk           |     1 |     5 |     7 |     9 ||    22
         Trog's Hand       |       |       |     4 |     2 ||     6
  Evoke: Wand              |       |     1 |     3 |     9 ||    13
    Use: Scroll            |     3 |     2 |     9 |    10 ||    24
         Potion            |       |       |       |     4 ||     4
   Stab: Sleeping          |     2 |       |       |       ||     2
         Invisible         |       |       |       |     9 ||     9
 Armour: Animal skin       |    69 |     6 |       |       ||    75
         Ring mail         |       |    87 |   346 |   291 ||   724
  Dodge: Dodged            |    53 |    46 |   148 |   190 ||   437
  Block: Buckler           |       |    16 |   125 |   120 ||   261

Table legend: (Time is in decaauts)
 A = Elapsed time spent in this place.
 B = Non-inter-level travel time spent in this place.
 C = Inter-level travel time spent in this place.
 D = Time resting spent in this place.
 E = Time spent auto-exploring this place.
 F = Levels seen in this place.
 G = Mean time per level.
                   A        B        C        D        E       F      G
               +--------+--------+--------+--------+--------+-----+--------+
         Total |  13953 |  13325 |    628 |   1936 |   8141 |  15 |  930.2 |
       Dungeon |  12953 |  12325 |    628 |   1579 |   8071 |  13 |  996.4 |
         Sewer |    293 |    293 |      0 |    114 |     70 |   1 |  293.0 |
      Gauntlet |    706 |    706 |      0 |    243 |      0 |   1 |  706.0 |
               +--------+--------+--------+--------+--------+-----+--------+

Top non-repeatable levels by time:
     D:8: 1772 daAuts
    D:10: 1378 daAuts
     D:9: 1348 daAuts
     D:6: 1153 daAuts
     D:3: 1107 daAuts
    D:12: 948 daAuts
     D:5: 936 daAuts
     D:4: 931 daAuts
     D:2: 862 daAuts
     D:1: 813 daAuts
     D:7: 753 daAuts
Gauntlet: 706 daAuts
    D:11: 657 daAuts
   Sewer: 293 daAuts
    D:13: 289 daAuts
